 Dungeon Crawl Stone Soup version 0.16-a0-139-gc9fe9b1 (webtiles) character file.

100 Sachiko the Ducker (level 5, -7/32 HPs)
             Began as a Kobold Gladiator on Aug 14, 2014.
             Killed by divine providence
             ... invoked by an orc priest
              (17 damage)
             ... on Level 3 of the Dungeon.
             The game lasted 00:14:24 (3993 turns).

Sachiko the Ducker (Kobold Gladiator)               Turns: 3993, Time: 00:14:24

HP  -7/32        AC  5     Str 15      XL: 5   Next:  3%
MP   5/5         EV 16     Int  6      God:
Gold 71          SH  0     Dex 16      Spells:  0 memorised,  4 levels left

rFire  . . .     SeeInvis .     l - +2 dagger (speed)
rCold  . . .     Clarity  .     b - +1 leather armour
rNeg   . . .     rCorr    .     (no shield)
rPois  .         rRot     .     c - +0 helmet
rElec  .         Spirit   .     (no cloak)
SustAb .         Warding  .     (no gloves)
rMut   .         Stasis   .     (no boots)
Gourm  .                        (no amulet)
MR     .....                    (no ring)
                                (no ring)

@: not resistant to hostile enchantments, very unstealthy
A: carnivore 3
a: no special abilities


You were on level 3 of the Dungeon.
You were full.

You visited 1 branch of the dungeon, and saw 3 of its levels.

You collected 71 gold pieces.

Inventory:

Hand weapons
 a - a +1 quarterstaff
 e - a +0 dagger
 l - a +2 dagger of speed (weapon)
 p - a +0 whip
Missiles
 d - 3 throwing nets
 n - 3 tomahawks of returning (quivered)
Armour
 b - a +1 leather armour (worn)
 c - a +0 helmet (worn)
 j - a +0 buckler
Comestibles
 f - a meat ration
 g - a slice of pizza
 h - 3 rotting chunks of orc flesh
Scrolls
 i - a scroll of identify
 m - 2 scrolls of enchant weapon
 o - a scroll of remove curse
Potions
 k - 2 potions of restore abilities


   Skills:
 + Level 2.9 Fighting
 - Level 0.6 Short Blades
 - Level 2.9 Staves
 + Level 3.1 Throwing
 - Level 1.2 Armour
 + Level 5.0 Dodging
 * Level 0.4 Stealth


You had 4 spell levels left.
You didn't know any spells.

Dungeon Overview and Level Annotations

Branches:
Dungeon (3/15)

Altars:
Elyvilon
Fedhas
Makhleb
Okawaru

Annotations:
D:3 Aneto's ghost, average GrFi


Innate Abilities, Weirdness & Mutations

You are small and have problems with some larger weapons.
You are carnivorous and can eat meat at any time.


Message History

You hit the orc priest.
The orc priest is moderately wounded.
The orc hits you with a runed flail. The orc hits you with a falchion.
The orc priest hits you but does no damage.
You barely miss the orc priest.
The orc priest is moderately wounded.
You hit the orc priest.
The orc priest is heavily wounded.
The orc priest closely misses you. The orc barely misses you.
The orc hits you with a falchion.
The orc yells loudly.
The orc hits you but does no damage. The orc barely misses you.
The orc priest calls upon Beogh to heal the orc.
The orc's wounds heal themselves!
There is a stone staircase leading up here.
The orc priest invokes the aid of Beogh against you.
Something smites you!
Ouch! That really hurt!
You die...

#....##......## ###...#
#.............#########..#####
##..##.....<..................
#..###........########...####
##.# ##....o#....######..##
#.# #####o####......#...#
#.### #o.# ######..#..# #...#
##o# ##....### ###.# #@##
###..... #.# #..# ##..#. #.#
##.# #.(## #.# #.# #..# ##.##
#.# .... #...# #.# .......
#..)# #.# ........ #...# #.#
....... #...#######.# .......


You could see an orc priest and 3 orcs.

Vanquished Creatures
  An adder (D:2)
  A giant mite (D:3)
  A worm (D:2)
  A giant gecko (D:2)
  2 oozes (D:1)
  7 orcs
  11 bats
  3 giant cockroaches (D:1)
  7 goblins
  7 hobgoblins
  6 jackals
  A quokka (D:3)
  4 giant newts
  9 kobolds
  A kobold skeleton (D:3)
  4 rats
66 creatures vanquished.

Notes
Turn   | Place    | Note
--------------------------------------------------------------
     0 | D:1      | Sachiko, the Kobold Gladiator, began the quest for the Orb.
     0 | D:1      | Reached XP level 1. HP: 12/12 MP: 1/1
   134 | D:1      | Reached XP level 2. HP: 14/17 MP: 2/2
   291 | D:1      | Reached skill level 4 in Dodging
   643 | D:1      | Reached XP level 3. HP: 22/22 MP: 3/3
  1466 | D:2      | Found a burning altar of Makhleb.
  1499 | D:2      | Found a white marble altar of Elyvilon.
  1509 | D:2      | Found an iron altar of Okawaru.
  1512 | D:2      | Found a blossoming altar of Fedhas.
  1553 | D:2      | Reached XP level 4. HP: 25/27 MP: 4/4
  1596 | D:2      | Reached skill level 1 in Armour
  2572 | D:3      | Noticed Aneto's ghost (average GrFi)
  2950 | D:3      | Noticed a phantom
  3557 | D:2      | Reached skill level 5 in Dodging
  3577 | D:3      | Reached XP level 5. HP: 32/32 MP: 5/5
  3993 | D:3      | Killed from afar by an orc priest

Action                   |  1- 3 |  4- 6 || total
-------------------------+-------+-------++-------
Melee: Quarterstaff      |    53 |       ||    53
       Dagger            |   149 |   167 ||   316
       Whip              |    12 |       ||    12
Throw: Tomahawk          |       |     8 ||     8
  Use: Scroll            |     4 |     1 ||     5
       Potion            |       |     1 ||     1
  Eat: Chunk             |     9 |     6 ||    15
